 Dungeon Crawl Stone Soup version 0.26.1-2-gb8aa6d0cf2 (webtiles) character file.

Game seed: 7735742232495562740

750 Mattiprrivan the Cudgeller (level 7, -6/40 HPs)
             Began as a Vine Stalker Berserker on Mar 27, 2021.
             Was an Elder of Trog.
             Killed by an exploding a hell rat (16 damage)
             ... exploding inner flame
             ... on level 6 of the Dungeon.
             The game lasted 00:44:19 (5507 turns).

Mattiprrivan the Cudgeller (Vine Stalker Berserker) Turns: 5507, Time: 00:44:19

Health: -6/40      AC:  7    Str: 21    XL:     7   Next: 78%
Magic:  0/8        EV: 12    Int:  7    God:    Trog [****..]
Gold:   176        SH:  0    Dex: 14    Spells: 6/6 levels left

rFire    + . .     SeeInvis .   o - +10 whip of the First Lives {freeze, rF+}
rCold    + . .     Faith    .   (no shield)
rNeg     . . .     Spirit   +   g - +1 leather armour {rC+}
rPois    .         Reflect  .   (no helmet)
rElec    .         Harm     .   (no cloak)
rCorr    .         Rampage  .   b - +0 pair of gloves
Will     .....                  (no boots)
Stlth    +++.......             (no amulet)
HPRegen  0.53/turn              p - -4 ring of slaying (curse)
MPRegen  0.11/turn              f - ring of stealth

@: no status effects
A: fangs 2, thin metallic scales 1, regeneration 1, robust 1, evolution 1, magic
shield, antimagic bite, no potion heal 3
a: Renounce Religion, Berserk, Trog's Hand, Brothers in Arms


You were on level 6 of the Dungeon.
You worshipped Trog.
Trog was greatly pleased with you.
You visited 1 branch of the dungeon, and saw 6 of its levels.

You collected 351 gold pieces.
You spent 175 gold pieces at shops.

Inventory:

Hand Weapons
 o - the +10 whip of the First Lives (weapon) {freeze, rF+}
   (You found it on level 5 of the Dungeon)

   It has been specially enchanted to freeze those struck by it, causing extra
   injury to most foes and up to half again as much damage against particularly
   susceptible opponents.
   It can also slow down cold-blooded creatures.
   It protects you from fire.
Missiles
 k - 7 boomerangs (quivered)
Armour
 b - a +0 pair of gloves (worn)
 g - a +1 leather armour of cold resistance (worn)
Jewellery
 d - an uncursed ring of resist corrosion
 f - a ring of stealth (right hand)
 p - a cursed -4 ring of slaying (left hand)
Wands
 e - a wand of iceblast (7)
 j - a wand of paralysis (9)
 l - a wand of random effects (17)
 n - a wand of digging (11)
Potions
 a - a potion of curing
 c - a potion of berserk rage
 h - a potion of flight
 i - a potion of haste


   Skills:
 * Level 3.8 Fighting
 * Level 1.6(3.5) Axes
 * Level 4.5(4.9) Maces & Flails
 * Level 1.5(2.3) Polearms
 * Level 1.7(3.5) Staves
 * Level 0.7 Throwing
 * Level 2.5 Armour
 * Level 2.5 Dodging
 * Level 3.0 Stealth
 * Level 2.1 Unarmed Combat
 * Level 1.1 Evocations


You had 6 spell levels left.
You didn't know any spells.
Your spell library was empty.

Dungeon Overview and Level Annotations

Branches:
Dungeon (6/15)             Temple (0/1) D:6

Altars:
Ashenzari
Gozag
Zin

Shops:
D:5 *


Innate Abilities, Weirdness & Mutations

You have extremely sharp teeth.
Your natural rate of healing is unusually fast.
When hurt, damage is shared between your health and your magic reserves.
Your bite disrupts and absorbs the magic of your enemies.
Potions cannot restore your health.
You are partially covered in thin metallic scales. (AC +2)
You are robust. (+10% HP)
You evolve.


Message History

The hell rat explodes!
You are engulfed in blazing flames.
You resist.
* * * LOW HITPOINT WARNING * * *
Your Stealth skill increases to level 3!
You start resting.
A hell rat is nearby!
Aiming: Random Effects
Press: ? - help, Shift-Dir - straight line, f - hell rat
Aim: a hell rat (inner flame)
The fireball explodes!
The fireball engulfs the hell rat!
Flame seeps out of the hell rat.
The hell rat is heavily wounded.
The hell rat is engulfed in blazing flames.
Flame seeps out of the hell rat.
You have no ailments to cure.
The hell rat is engulfed in blazing flames.
Trog accepts your kill.
The hell rat explodes!
The fiery explosion engulfs you!! You resist.
You die...

#.#.## #...# ##.#†# #....
##.##.## #.... #†####.##
#.... ##.# ###.#####..##
#.## .[##.#.....#
#.###...#†####..#
#..#rrr.##.# #..#
#@§#rrr.#.## #†.# #§§#..#
##.# #..## # #§#○§#
#.###...# #.
#..#§...##†#..<..#
#####.#####.....##.##.....#
........###.#.#.###.#.#.###
#..###.#####.##.#.#
#.#†.###.###.##.#.#
#.#...#.#.##.##.#.#


There were no monsters in sight!

Vanquished Creatures
  A water moccasin zombie (D:5)
  A scorpion (D:4)
  An orc priest (D:3)
  2 hounds (D:4)
  3 orc wizards (D:6)
  A bullfrog skeleton (D:5)
  A centaur skeleton (D:5)
  2 iguanas
  3 hell rats (D:6)
  2 worker ants
  A hound zombie (D:5)
  A hound skeleton (D:5)
  A worker ant zombie (D:6)
  6 adders
  3 river rats (D:6)
  An ooze (D:3)
  An adder skeleton (D:4)
  4 worms
  A dart slug (D:1)
  4 leopard geckos
  20 orcs
  2 bats
  5 giant cockroaches
  7 goblins
  8 hobgoblins
  6 jackals
  9 kobolds
  6 quokkas
  3 ball pythons
  18 frilled lizards
  A leopard gecko skeleton (D:5)
  16 rats
141 creatures vanquished.

Vanquished Creatures (others)
  5 plants (D:1)
5 creatures vanquished.

Grand Total: 146 creatures vanquished

Notes
Turn   | Place    | Note
-------+----------+-------------------------------------------
     0 | D:1      | Mattiprrivan the Vine Stalker Berserker began the quest for
                  | the Orb.
     0 | D:1      | Reached XP level 1. HP: 11/11 MP: 2/2
   203 | D:1      | Reached XP level 2. HP: 10/16 MP: 1/3
   219 | D:1      | Reached skill level 3 in Maces & Flails
   219 | D:1      | HP: 1/24 [frilled lizard (1)]
   797 | D:1      | Reached XP level 3. HP: 14/20 MP: 2/4
   803 | D:1      | Reached ** piety under Trog
  1851 | D:2      | Reached skill level 1 in Stealth
  2035 | D:2      | Gained mutation: Your natural rate of healing is unusually
                  | fast. [Vine Stalker growth]
  2035 | D:2      | Reached XP level 4. HP: 17/24 MP: 3/5
  2473 | D:3      | Found a glowing silver altar of Zin.
  2527 | D:3      | Reached *** piety under Trog
  2532 | D:3      | Reached skill level 1 in Unarmed Combat
  2536 | D:3      | Reached XP level 5. HP: 28/28 MP: 6/6
  2811 | D:3      | Gained mutation: You evolve. [potion of mutation]
  2811 | D:3      | Gained mutation: You are robust. (+10% HP) [potion of
                  | mutation]
  2811 | D:3      | Gained mutation: You are partially covered in thin metallic
                  | scales. (AC +2) [potion of mutation]
  2990 | D:3      | Found a broken altar of Ashenzari.
  3243 | D:3      | Reached skill level 1 in Axes
  3394 | D:4      | Reached skill level 1 in Staves
  3394 | D:4      | Reached XP level 6. HP: 35/35 MP: 7/7
  3675 | D:4      | Reached skill level 1 in Polearms
  4452 | D:5      | Entered Level 5 of the Dungeon
  4483 | D:5      | Found Wehid's General Store.
  4487 | D:5      | Bought a scroll of identify for 22 gold pieces
  4487 | D:5      | Bought a wand of random effects (19) for 115 gold pieces
  4487 | D:5      | Bought a scroll of immolation for 38 gold pieces
  4514 | D:5      | Reached skill level 4 in Maces & Flails
  4582 | D:5      | Got a scorched whip
  4583 | D:5      | Identified the +10 whip of the First Lives {freeze, rF+}
                  | (You found it on level 5 of the Dungeon)
  4664 | D:5      | Reached **** piety under Trog
  4854 | D:5      | Reached XP level 7. HP: 38/39 MP: 6/8
  4995 | D:5      | Found an opulent altar of Gozag.
  5302 | D:6      | Reached skill level 1 in Evocations
  5319 | D:6      | Found a staircase to the Ecumenical Temple.
  5497 | D:6      | Found the +2 ratskin cloak {*Rats rPois rN+ Str-1 Int-1
                  | Dex+1}
  5507 | D:6      | Killed by an exploding a hell rat... exploding inner flame

Illustrated notes

Levels and vault maps discovered:
D:1:      dpeg_arrival_rhombi, layout_loops_cross, serial_park_tiny_1,
          solitary_fountain, grunt_decor_one_mirror,
          ebering_dispersal_statue_hall, minmay_lizard_king
D:2:      layout_rooms
D:3:      layout_loops_corners, lemuel_round_altar, zin_statuary
D:4:      layout_loops_corners
D:5:      minmay_chambers_of_fours, layout_loops_ring, serial_shops,
          nicolae_shop_stone, nicolae_gozag_cash_rules_everything_around_me
D:6:      wander_guarded_unrand_ratskin, layout_loops_ring,
          minmay_temple_entry_waves, uniq_sigmund

Skill      XL: |  1  2  3  4  5  6  7 |
---------------+----------------------+-----
Maces & Flails | 3 4 |  4.5
Fighting       | 3 |  3.8
Stealth        | 1 2 3 |  3.0
Dodging        | 2 |  2.5
Unarmed Combat | 1 2 |  2.1
Axes           | 1 |  1.6
Staves         | 1 |  1.7
Armour         | 2 |  2.5
Polearms       | 1 |  1.5
Evocations     | 1 |  1.1
Throwing       | |  0.7

Action                   |  1- 3 |  4- 6 |  7- 9 || total
-------------------------+-------+-------+-------++-------
Melee: Mace              |    93 |    61 |       ||   154
       Bite              |    26 |    39 |    12 ||    77
       Whip              |       |   119 |    56 ||   175
       Punch             |       |     1 |       ||     1
Throw: Boomerang         |       |     7 |     9 ||    16
Invok: Berserk           |     2 |     4 |       ||     6
Evoke: Wand              |       |     2 |     2 ||     4
  Use: Scroll            |     5 |    10 |     2 ||    17
       Potion            |     5 |     3 |       ||     8
 Stab: Sleeping          |     1 |     2 |     6 ||     9
       Distracted        |       |       |     1 ||     1
Armor: Animal skin       |    13 |       |       ||    13
       Leather armour    |       |    41 |    13 ||    54
Dodge: Dodged            |    67 |    82 |    22 ||   171
